 Dungeon Crawl Stone Soup version 0.29-a0-8-g0446c0dae4 (webtiles) character file.

Game seed: 7944890381532139568

82285 kae the Grappler (level 15, -6/127 (130) HPs)
             Began as a Green Draconian Transmuter on Jan 27, 2022.
             Was a High Priest of Ru.
             Killed from afar by an acid dragon (13 damage)
             ... with a splash of acid
             ... on level 13 of the Dungeon.
             The game lasted 00:25:58 (38098 turns).

kae the Grappler (Green Draconian Transmuter)      Turns: 38098, Time: 00:25:59

HP:   -6/127 (130)  AC:  5    Str: 16    XL:     15   Next: 29%
MP:   0/28          EV: 15    Int: 17    God:    Ru [*****.]
Gold: 3676          SH:  0    Dex: 10    Spells: 11/33 levels left

rFire   . . .      SeeInvis +     - Unarmed
rCold   . . .      Faith    .   (no shield)
rNeg    . . .      Spirit   +   (armour unavailable)
rPois   +          Reflect  .   (helmet restricted)
rElec   .          Harm     .   (no cloak)
rCorr   .          Rampage  .   (no gloves)
Will    +....                   (no boots)
Stlth   ..........              D - amulet of guardian spirit
HPRegen 0.31/turn               a - ring of see invisible
MPRegen 0.21/turn               j - +4 ring of slaying

@: unable to drink, corroded, lightly drained, unable to read
A: breathe noxious fumes, AC +9, unfitting armour, stinger 1, clumsy 1, poison
resistance, cold-blooded, inability to drink while threatened, inability to read
while threatened, no stealth, hated by all
a: Breathe Noxious Fumes, Renounce Religion, Draw Out Power, Power Leap,
Apocalypse


You were on level 13 of the Dungeon.
You worshipped Ru.
Ru was extremely pleased with you.
You visited 4 branches of the dungeon, and saw 22 of its levels.
You also visited: Sewer.

You collected 4220 gold pieces.
You spent 544 gold pieces at shops.

Inventory:

Missiles
 L - a throwing net
Jewellery
 a - a ring of see invisible (left hand)
 j - a +4 ring of slaying (right hand)
 s - a ring of ice
 v - a ring of protection from cold
 y - a ring of wizardry
 C - an amulet of magic regeneration
 D - an amulet of guardian spirit (around neck)
 J - a ring of magical power
 M - a +6 ring of intelligence
 O - a +6 ring of strength
 P - a ring of fire
 Q - a +6 ring of intelligence
 R - a +4 ring of evasion
Wands
 f - a wand of polymorph (12)
 n - a wand of acid (13)
 o - a wand of flame (29)
 I - a wand of iceblast (7)
 N - a wand of paralysis (7)
Scrolls
 c - 8 scrolls of teleportation
 g - 4 scrolls of fog
 h - 4 scrolls of magic mapping
 i - 3 scrolls of blinking
 r - 3 scrolls of brand weapon
 u - 4 scrolls of enchant armour
 x - 5 scrolls of enchant weapon
 A - 4 scrolls of amnesia
 E - 9 scrolls of identify
 F - 2 scrolls of fear
 H - a scroll of silence
Potions
 b - 2 potions of brilliance
 d - 2 potions of lignification
 e - 9 potions of curing
 k - 2 potions of cancellation
 l - 2 potions of degeneration
 m - 3 potions of attraction
 p - 2 potions of flight
 q - 2 potions of resistance
 t - 5 potions of mutation
 w - 2 potions of invisibility
 z - 2 potions of berserk rage
 B - 3 potions of might
 G - 6 potions of ambrosia
 K - a potion of heal wounds


   Skills:
 + Level 11.3 Fighting
 + Level 9.8 Dodging
 * Level 14.7 Unarmed Combat
 + Level 9.8 Spellcasting
 * Level 14.6 Transmutations
 - Level 5.0 Ice Magic
 * Level 3.3 Earth Magic
 - Level 2.4 Poison Magic


You had 11 spell levels left.
You knew the following spells:

 Your Spells              Type           Power      Damage    Failure   Level
a - Beastly Appendage     Tmut           100%       N/A       1%          1
b - Spider Form           Tmut/Pois      37%        N/A       1%          3
c - Ice Form              Ice/Tmut       41%        N/A       1%          4
d - Blade Hands           Tmut           27%        N/A       1%          5
e - Ozocubu's Armour      Ice            25%        N/A       3%          3
f - Statue Form           Tmut/Erth      26%        N/A       32%         6

Your spell library contained the following spells:

 Spells                   Type           Power      Damage    Failure   Level
 Passwall                 Tmut/Erth      32%        N/A       1%          2
 Wereblood                Tmut           55%        N/A       1%          2
 Petrify                  Tmut/Erth      39%        N/A       2%          4
 Ensorcelled Hibernation  Hex/Ice        32%        N/A       4%          2
 Foxfire                  Conj/Fire      32%        2x1d5     9%          1
 Irradiate                Conj/Tmut      16%        3d18      12%         5
 Sublimation of Blood     Necr           8%         N/A       13%         2
 Conjure Flame            Conj/Fire      8%         6-21      26%         3
 Inner Flame              Hex/Fire       8%         N/A       26%         3
 Swiftness                Air            8%         N/A       26%         3
 Eringya's Noxious Bog    Tmut/Pois      18%        N/A       36%         6
 Flame Wave               Conj/Fire      8%         2d5       65%         4
 Metabolic Englaciation   Hex/Ice        8%         N/A       65%         5
 Dispersal                Tloc           4%         N/A       100%        6
 Iron Shot                Conj/Erth      7%         9d2       100%        6
 Orb of Destruction       Conj           4%         9d5       100%        7
 Disjunction              Tloc           4%         N/A       100%        8
 Summon Guardian Golem    Hex/Summ       Unusable   N/A       N/A         3
 Animate Armour           Summ/Erth      Unusable   N/A       N/A         4
 Summon Forest            Summ/Tloc      Unusable   N/A       N/A         5
 Simulacrum               Ice/Necr       Unusable   N/A       N/A         6
 Spellforged Servitor     Conj/Summ      Unusable   N/A       N/A         7
 Summon Hydra             Summ           Unusable   N/A       N/A         7

Dungeon Overview and Level Annotations

Branches:
Dungeon (13/15)            Temple (1/1) D:5            Lair (6/6) D:8
 Shoals (0/4) Lair:2        Snake (0/4) Lair:2        Slime (0/5) Lair:6
    Orc (2/2) D:9             Elf (0/3) Orc:2        Vaults (0/5) D:13
  Sewer (visited)

Altars:
Ashenzari
Cheibriados
Dithmenos
Elyvilon
Fedhas
Gozag
Hepliaklqana
Kikubaaqudgha
Makhleb
Nemelex Xobeh
Okawaru
Qazlal
Ru
Sif Muna
Trog
Uskayaw
Vehumet
Wu Jian
Xom
Yredelemnul
Zin
The Shining One
Beogh
Jiyva

Shops:
D:1 *   D:4 *   D:5 [   D:9 [   Orc:2 [*:?

Annotations:
Lair:1 3 runed translucent doors, Sosymneph's ghost, journeyman OpDe
Orc:2 1 runed translucent door, dragonscale333's ghost, journeyman DjFE


Innate Abilities, Weirdness & Mutations

You can breathe blasts of noxious fumes.
Your lurid green scales are hard. (AC +9)
You cannot fit into any form of body armour.
Your tail ends in a venomous barb.
You are clumsy. (Dex -2)
Your system is resistant to poisons. (rPois)
You are cold-blooded and may be slowed by cold attacks.
You sometimes lose the ability to drink potions when taking damage.
You sometimes lose the ability to read scrolls when taking damage.
You cannot be stealthy.
You are hated by all.


Message History

The queen bee is engulfed in noxious fumes.
The queen bee appears confused.
The shock serpent is engulfed in noxious fumes.
The shock serpent bites something!
The shock serpent shocks something!
The shock serpent bites itself.
The meliai is engulfed in noxious fumes.
The meliai appears confused.
The meliai hits the queen bee but does no damage.
The meliai barely misses the queen bee.
The shock serpent changes into a floating eye!
Something stings the floating eye.
The floating eye looks as sick as possible!
Something poisons the floating eye!
You hear an angry buzzing noise.
You feel a bit more experienced.
Your hands revert to their normal proportions.
The floating eye begins to attack, but is stunned by your conviction!
You feel less exhausted. The floating eye seems to glare at you.
The floating eye gazes piercingly through you!
You suddenly lose the ability to move!
The floating eye's view fixates on you.
You can move again.
Unknown command.
The acid dragon spits acid at you. The splash of acid hits you!!
* * * LOW HITPOINT WARNING * * *
The acid corrodes you!
The floating eye gazes piercingly through you!
You suddenly lose the ability to move!
The floating eye changes into a redback!
The cyclops is stunned by your conviction and fails to attack.
You can move again.
Unknown command.
Unknown command.
You have got your breath back.
The redback changes into a glowing orange brain!
The acid dragon spits acid at you. The splash of acid hits you!
You die...

.#........#.#..###.)###'''###..##
..............#)≈≈≈≈≈≈≈...≈≈≈≈≈≈≈
.#...##.#.......≈≈≈≈≈≈≈...≈≈≈≈≈≈≈
.#....<...#.##.#.≈≈≈≈≈≈...≈≈≈≈≈≈.
.#..#.#.###.#<..#.≈≈≈≈.....≈≈≈≈.#
.#....#.....#...##.............##
.##.#####........##.............(
.#... +......#.##.......#######
.#..# #......#@################
...# #......#.##......#[..)+..
.... ########..#.# #...†#..
####G..## #|.....#.. #.......#
#.....:##)
#####.......#(....(####.
##.......C...#.....[ ##
#..#.#.#.l..D#....## #
#............#...$ #


You could see a glowing orange brain shaped shifter, a cyclops, a basilisk and
an acid dragon (catching breath).

Vanquished Creatures
  2 sphinxes (D:13)
  A fire giant (D:13)
  Nessos (Lair:6)
  6 hydras
  An ice dragon (Lair:6)
  5 vault guards (D:13)
  A centaur warrior (D:13)
  2 ogre magi (D:13)
  3 boulder beetles
  A catoblepas (Lair:4)
  2 tengu warriors (D:13)
  6 two-headed ogres
  5 slime creatures (D:12)
  A death yak (Lair:4)
  3 orc high priests (Orc:2)
  Urug (D:10)
  Sonja (Lair:4)
  A sea snake (shapeshifter) (D:13)
  2 lindwurms (Lair:6)
  2 deep elf archers (D:13)
  3 deep elf pyromancers (D:12)
  6 orc knights
  A harpy (shapeshifter) (D:13)
  4 orc sorcerers
  3 cyclopes
  3 oklob plants
  2 wolf spiders (Lair:6)
  10 elephants
  2 guardian serpents
  8 black mambas
  19 cane toads
  5 torpor snails (Lair:6)
  3 rime drakes
  7 komodo dragons
  An unseen horror (D:12)
  4 kobold demonologists
  A freezing wraith (D:13)
  2 tengu conjurers (D:13)
  An efreet (D:13)
  9 trolls
  2 meliai (D:13)
  9 hornets
  3 polar bears
  A queen bee (Lair:1)
  3 blink frogs (Lair:5)
  3 tyrant leeches (Lair:6)
  5 dream sheep (Lair:6)
  A vampire (D:13)
  10 wyverns (Lair:6)
  Sigmund (D:4)
  27 yaks
  2 wraiths
  5 basilisks
  3 fire bats (Lair:1)
  A death yak simulacrum (Orc:2)
  A steam dragon (D:8)
  3 redbacks (Lair:6)
  A redback (shapeshifter) (D:13)
  7 vampire mosquitoes (D:12)
  Menkaure (D:5)
  3 wargs
  A water moccasin (shapeshifter) (D:13)
  2 acid dragons
  26 water moccasins
  2 black bears
  4 ice beasts
  15 orc warriors
  9 ogres
  12 wolves
  6 centaurs
  2 phantoms (D:5)
  5 kobold brigands
  4 gnoll sergeants
  A wyvern zombie (D:6)
  9 bullfrogs
  A two-headed ogre simulacrum (Orc:2)
  A water moccasin zombie (D:3)
  A water moccasin skeleton (D:4)
  14 wights
  23 killer bees (Lair:1)
  A howler monkey (D:9)
  5 electric eels
  2 centaur zombies (D:9)
  4 lava snakes (Lair:2)
  4 hounds
  15 orc priests
  A jelly (D:7)
  Terence (D:3)
  2 iguanas
  15 orc wizards
  Natasha (thrice) (D:3)
  A polar bear simulacrum (Orc:2)
  A spriggan simulacrum (Orc:2)
  A killer bee zombie (D:9)
  A wolf simulacrum (Orc:2)
  A mummy (D:4)
  A howler monkey skeleton (D:5)
  A howler monkey zombie (D:7)
  19 gnolls
  9 adders
  2 naga simulacra (Orc:2)
  A shadow imp (D:5)
  An ufetubus (D:6)
  An adder skeleton (D:4)
  2 worms (D:2)
  2 dart slugs (D:1)
  58 orcs
  12 ball pythons
  16 endoplasms
  10 giant cockroaches
  13 goblins
  3 hobgoblins
  6 jackals
  15 quokkas
  6 bats
  14 frilled lizards
  A hobgoblin zombie (D:4)
  22 kobolds
  A kobold zombie (D:4)
  2 orc zombies (D:4)
  8 rats
655 creatures vanquished.

Vanquished Creatures (collateral kills)
  A queen bee (shapeshifter) (D:13)
  2 killer bees (Lair:1)
  A dart slug (D:4)
  A hobgoblin (D:4)
5 creatures vanquished.

Vanquished Creatures (others)
  A two-headed ogre (D:12)
  A cane toad (Lair:5)
  A troll (Orc:1)
  A water moccasin (Lair:6)
  An orc wizard (Orc:2)
  A spriggan simulacrum (Orc:2)
  A bush (Lair:6)
  31 fungi
  103 plants
141 creatures vanquished.

Grand Total: 801 creatures vanquished

Notes
Turn   | Place    | Note
-------+----------+-------------------------------------------
     0 | D:1      | kae the Draconian Transmuter began the quest for the Orb.
     0 | D:1      | Reached XP level 1. HP: 16/16 MP: 3/3
   341 | D:1      | Reached XP level 2. HP: 23/23 MP: 3/5
   902 | D:1      | Reached XP level 3. HP: 8/28 MP: 3/6
   906 | D:1      | Learned a level 3 spell: Spider Form
  1129 | D:1      | Found Xiuss's General Store.
  2472 | D:2      | Reached skill level 1 in Poison Magic
  2719 | D:2      | Reached XP level 4. HP: 3/35 MP: 7/7
  3532 | D:3      | Reached XP level 5. HP: 41/41 MP: 8/8
  3537 | D:3      | Learned a level 4 spell: Ice Form
  3945 | D:3      | Found a faded altar of an unknown god.
  4013 | D:3      | Reached skill level 1 in Ice Magic
  4124 | D:3      | Noticed Natasha
  4130 | D:3      | Killed Natasha
  4344 | D:3      | Noticed Natasha
  4514 | D:3      | Killed Natasha
  4515 | D:3      | Reached XP level 6. HP: 38/48 MP: 6/10
  4573 | D:3      | Noticed Natasha
  4586 | D:3      | Killed Natasha
  4725 | D:3      | Noticed Terence
  4740 | D:3      | Killed Terence
  4916 | D:3      | Found a white marble altar of Elyvilon.
  4963 | D:3      | Found an iron altar of Okawaru.
  5148 | D:4      | Found Qirphani's Assorted Antiques.
  5175 | D:4      | Bought a fizzy brown potion for 18 gold pieces
  5175 | D:4      | Bought a cyan potion for 18 gold pieces
  5175 | D:4      | Bought a scroll labelled KEITEMP XALABIO for 20 gold pieces
  5175 | D:4      | Bought a scroll labelled IJOISCH WIEXE for 20 gold pieces
  5214 | D:4      | Noticed Sigmund
  5235 | D:4      | Killed Sigmund
  5236 | D:4      | Your scales start taking on a lurid green colour.
  5236 | D:4      | Reached XP level 7. HP: 29/56 MP: 8/11
  5236 | D:4      | Gained mutation: Your system is resistant to poisons.
                  | (rPois) [Green Draconian growth]
  5287 | D:4      | Identified a scroll of acquirement
  5287 | D:4      | Acquired 693 gold pieces
  5393 | D:4      | Found a glowing drain.
  5644 | Sewer    | Entered a sewer
  6340 | Sewer    | Reached skill level 5 in Unarmed Combat
  7029 | D:4      | Reached XP level 8. HP: 62/63 MP: 10/13
  7320 | D:4      | Acquired a book of Iron
  7373 | D:5      | Entered Level 5 of the Dungeon
  7542 | D:5      | Learned a level 5 spell: Blade Hands
  7630 | D:5      | Reached skill level 5 in Transmutations
  7887 | D:5      | Found Fusao's Armour Shoppe.
  8176 | D:5      | Found a staircase to the Ecumenical Temple.
  8224 | Temple   | Entered the Ecumenical Temple
  8309 | Temple   | Became a worshipper of Ru the Awakened
  8425 | D:5      | Noticed Menkaure
  8434 | D:5      | Killed Menkaure
  9180 | D:6      | Reached XP level 9. HP: 64/71 MP: 10/15
  9482 | D:6      | Reached skill level 5 in Ice Magic
 10293 | D:7      | Gained mutation: You are hated by all. [Ru sacrifice]
 10293 | D:7      | Reached * piety under Ru
 10293 | D:7      | Reached ** piety under Ru
 10778 | D:7      | Found an ornate altar of the Wu Jian Council.
 11270 | D:8      | Reached skill level 5 in Fighting
 11416 | D:8      | Reached XP level 10. HP: 54/81 MP: 14/17
 11695 | D:8      | Reached skill level 5 in Spellcasting
 11832 | D:8      | Found an ancient bone altar of Kikubaaqudgha.
 11843 | D:8      | Found a staircase to the Lair.
 11981 | D:8      | Reached skill level 5 in Dodging
 12249 | Lair:1   | Entered Level 1 of the Lair of Beasts
 12249 | Lair:1   | Noticed a cane toad
 12258 | Lair:1   | Killed a cane toad
 12275 | D:9      | Noticed a two-headed ogre
 12315 | D:9      | Found Jodif's Armour Emporium.
 12315 | D:9      | Noticed a two-headed ogre
 12316 | D:9      | Found a staircase to the Orcish Mines.
 12327 | D:9      | Killed a two-headed ogre
 12647 | D:9      | Found a burning altar of Makhleb.
 12661 | D:9      | Gained mutation: You are clumsy. (Dex -2) [Ru sacrifice]
 12875 | D:9      | Killed a two-headed ogre
 13259 | D:10     | Entered Level 10 of the Dungeon
 13284 | D:10     | Noticed a two-headed ogre
 13291 | D:10     | Killed a two-headed ogre
 13292 | D:10     | Reached XP level 11. HP: 91/91 MP: 14/19
 13357 | D:10     | Noticed a two-headed ogre
 13363 | D:10     | Killed a two-headed ogre
 13729 | D:10     | Found a bloodstained altar of Trog.
 13766 | D:10     | Found a broken altar of Ashenzari.
 13771 | D:10     | Saw a vision of the Shoals and the Snake Pit.
 13771 | D:10     | Noticed a naga sharpshooter
 13771 | D:10     | Noticed an anaconda
 13771 | D:10     | Noticed a sea snake
 13771 | D:10     | Noticed a naga sharpshooter
 13771 | D:10     | Noticed a naga ritualist
 13771 | D:10     | Noticed a naga ritualist
 13773 | D:10     | Noticed a naga warrior
 14002 | D:10     | Found a sparkling altar of Nemelex Xobeh.
 14006 | D:10     | Noticed Urug
 14031 | D:10     | Killed Urug
 14835 | Lair:1   | Found a runed translucent gate.
 14835 | Lair:1   | Found a runed translucent gate.
 14835 | Lair:1   | Found a runed translucent gate.
 14836 | Lair:1   | Noticed Sosymneph's ghost (journeyman OpDe)
 15165 | Lair:1   | Reached skill level 10 in Unarmed Combat
 15610 | Lair:1   | Reached skill level 10 in Transmutations
 16485 | Lair:2   | Gained mutation: You sometimes lose the ability to drink
                  | potions when taking damage. [Ru sacrifice]
 16485 | Lair:2   | Reached *** piety under Ru
 16755 | Lair:2   | Reached XP level 12. HP: 81/101 MP: 18/22
 16849 | Lair:2   | Found a staircase to the Shoals.
 17047 | Lair:2   | Found a staircase to the Snake Pit.
 17357 | Lair:2   | Found an opulent altar of Gozag.
 18804 | Lair:3   | Found a sacrificial altar of Ru.
 20491 | Lair:4   | Gained mutation: You sometimes lose the ability to read
                  | scrolls when taking damage. [Ru sacrifice]
 20491 | Lair:4   | Reached **** piety under Ru
 20491 | Lair:4   | Reached ***** piety under Ru
 20620 | Lair:4   | Noticed a death yak
 20624 | Lair:4   | Noticed a catoblepas
 20633 | Lair:4   | Noticed Sonja
 20636 | Lair:4   | Killed a death yak
 20643 | Lair:4   | Killed a catoblepas
 20649 | Lair:4   | Killed Sonja
 21556 | Lair:5   | Noticed an eight-headed hydra
 21557 | Lair:5   | Noticed a five-headed hydra
 21934 | Lair:4   | Killed a five-headed hydra
 22001 | Lair:4   | Killed a nine-headed hydra
 22615 | Lair:4   | Identified the +6 hand axe of Soewk {vorpal, rC+ Str+4
                  | SInv}
 22664 | Lair:5   | Noticed a boulder beetle
 22774 | Lair:5   | Noticed a seven-headed hydra
 22777 | Lair:5   | Killed a boulder beetle
 22780 | Lair:5   | Killed a nine-headed hydra
 22789 | Lair:5   | Noticed a six-headed hydra
 22799 | Lair:5   | Killed a six-headed hydra
 23004 | Lair:5   | Noticed an eight-headed hydra
 23013 | Lair:5   | Killed an eight-headed hydra
 23207 | Lair:5   | Reached XP level 13. HP: 99/111 MP: 17/24
 24219 | Lair:5   | Acquired 1117 gold pieces
 24237 | Lair:6   | Entered Level 6 of the Lair of Beasts
 24766 | Lair:6   | Gained mutation: You cannot be stealthy. [Ru sacrifice]
 26857 | Lair:6   | Noticed Nessos
 26871 | Lair:6   | Killed Nessos
 26984 | Lair:6   | Found a burning altar of Makhleb.
 27078 | Lair:6   | Reached skill level 10 in Fighting
 27638 | Lair:6   | Found a runed translucent door.
 27725 | Lair:6   | HP: 3/107 [lindwurm/blast of flame (16)]
 27737 | Lair:6   | Gained mutation: Your tail ends in a venomous barb. [Green
                  | Draconian growth]
 27737 | Lair:6   | Reached XP level 14. HP: 34/112 MP: 14/26
 28537 | Lair:6   | Found a staircase to the Slime Pits.
 29967 | D:11     | Found a hide-covered altar of Uskayaw.
 31717 | Orc:1    | Entered Level 1 of the Orcish Mines
 32610 | Orc:1    | Learned a level 3 spell: Ozocubu's Armour
 32814 | Orc:2    | Entered Level 2 of the Orcish Mines
 32859 | Orc:2    | Found a runed translucent door.
 33471 | Orc:2    | Found a shimmering altar of Xom.
 33471 | Orc:2    | Identified the +7 broad axe "Sarcophage" {chaos, Str+5}
 33471 | Orc:2    | Noticed dragonscale333's ghost (journeyman DjFE)
 34304 | Orc:2    | Found a staircase to the Elven Halls.
 35968 | Orc:2    | Found Neuloits's General Store.
 35968 | Orc:2    | Found Paunam's Armour Shop.
 35970 | Orc:2    | Found Adefomm's Magic Scroll Shoppe.
 35970 | Orc:2    | Found Kyn Eji's Book Shop.
 35980 | Orc:2    | Bought a book of Sloth for 468 gold pieces
 36080 | Orc:2    | Learned a level 6 spell: Statue Form
 36719 | D:13     | Reached skill level 1 in Earth Magic
 36930 | D:13     | Found a gate to the Vaults.
 37291 | D:13     | Reached XP level 15. HP: 59/129 MP: 10/28
 37573 | D:13     | Noticed a fire giant
 37581 | D:13     | Killed a fire giant
 37629 | D:13     | Noticed a sphinx
 37651 | D:13     | Killed a sphinx
 38069 | D:13     | Noticed a sphinx
 38069 | D:13     | Paralysed by a sphinx for 7 turns
 38082 | D:13     | Killed a sphinx
 38092 | D:13     | Paralysed by a floating eye for 2 turns
 38094 | D:13     | HP: 5/127 [acid dragon/splash of acid (23)]
 38096 | D:13     | Paralysed by a floating eye for 2 turns
 38098 | D:13     | Killed from afar by an acid dragon

Illustrated notes

Levels and vault maps discovered:
D:1:      roderic_dead_forest, layout_basic, serial_shops, shop, st_stairs_12,
          minmay_indecisive_spiral
D:2:      layout_loops_ring, minmay_puff
D:3:      layout_loops_cross, okawaru_gym_becter, mainiacjoe_overflow_brackets,
          basic_ecumenical_altar, uniq_natasha, uniq_terence
D:4:      layout_rooms, lightli_sewer_entry_pipes, nicolae_stop_n_shop_1,
          minmay_mini_ossuary, uniq_sigmund
D:5:      layout_gridville, temple_doors_e, serial_shops,
          nicolae_shop_advertising_works [nicolae_subvault_shop_adworks],
          columned_hall_lemuel, hex_large, minmay_ogre_servants, uniq_menkaure
D:6:      layout_loops_ring, serial_bayou_pond_a, nicolae_water_bricks
D:7:      layout_basic, mainiacjoe_overflow_alcove_2
D:8:      layout_loops_cross, general_overflow_altar
D:9:      layout_basic, amcnicky_altar_gilded, mainiacjoe_overflow_alcove_4,
          orc_david_3
D:10:     layout_rooms, lemuel_coloured_pillars_altar, nemelex_altar_shiori,
          grunt_ashenzari_visionary [grunt_ashenzari_visionary_shoals,
          grunt_ashenzari_visionary_snake], uniq_urug
D:11:     layout_loops_ring, minivault_1, kennysheep_flooded_box,
          nicolae_uskayaw_dance_hall
D:12:     layout_roguey
D:13:     layout_basic, grunt_vaults_entry_fortified, serial_glass,
          glass_columns_b, glass_columns_b, glass_columns_b, glass_columns_a,
          glass_columns_a, glass_columns_a, nicolae_rejected_hall
Temple:   cyrus_circular_temple
Lair:1:   layout_roguey [special_room_bee], gammafunk_ghost_ooze,
          nicolae_volcano_entry_batcave
Lair:2:   layout_layer_cave, elwin_shoals_entry_rocks,
          minmay_snake_entry_spellcaster, basic_altar, special_room,
          nicolae_lair_liquid_snakes
Lair:3:   layout_chaotic_city, lemuel_centaur_altar
Lair:4:   layout_roguey, nicolae_lair_yak_garden, uniq_sonja
Lair:5:   layout_big_grid, hangedman_tree_tricks,
          chequers_serial_rivers_micro_d, gammafunk_lair_bear_cave,
          serial_bayou_shore_a
Lair:6:   hangedman_lair_tendril_chambers, layout_misc_corridors, wormcave,
          dpeg_slime_entry_enclosed_altar, basic_altar, serial_bayou_ford_a,
          uniq_nessos
Orc:1:    layout_caves, uniq_erica
Orc:2:    grunt_orc_tribal_feast, layout_diamond_mine, basic_altar,
          portal_ice_cave_entry_ice_simulacra, ebering_ghost_xom

Skill      XL: |  1  2  3  4  5  6  7  8  9 10 11 12 13 14 15 |
---------------+----------------------------------------------+-----
Dodging        | 2 3 4 5 6 7 8 9 |  9.8
Poison Magic   | 1 2 |  2.4
Transmutations | 3 4 5 7 9 10 11 13 14 | 14.6
Fighting       | 2 3 4 5 6 7 9 10 11 | 11.3
Ice Magic      | 1 2 3 4 5 |  5.0
Unarmed Combat | 4 5 6 7 9 10 12 13 14 | 14.7
Spellcasting   | 3 4 5 6 7 8 9 |  9.8
Earth Magic    | 1 3 |  3.3

Action                   |  1- 3 |  4- 6 |  7- 9 | 10-12 | 13-15 || total
-------------------------+-------+-------+-------+-------+-------++-------
Melee: Unarmed           |   141 |   113 |   401 |   346 |   718 ||  1719
       Kick              |    18 |     7 |       |       |       ||    25
       Headbutt          |     7 |     4 |       |       |       ||    11
       Tailslap          |    17 |     3 |    11 |    38 |   128 ||   197
       Punch             |     1 |     2 |     3 |    17 |    77 ||   100
 Cast: Beastly Appendage |    32 |    12 |     1 |       |       ||    45
       Spider Form       |       |    15 |    35 |       |       ||    50
       Ice Form          |       |       |    22 |    12 |     4 ||    38
       Blade Hands       |       |       |       |    56 |   117 ||   173
       Ozocubu's Armour  |       |       |       |       |     3 ||     3
Invok: Sacrifice Love    |       |       |     1 |       |       ||     1
       Sacrifice Purity  |       |       |       |     1 |       ||     1
       Sacrifice Drink   |       |       |       |     1 |       ||     1
       Draw Out Power    |       |       |       |     2 |     8 ||    10
       Power Leap        |       |       |       |     1 |     1 ||     2
       Sacrifice Words   |       |       |       |     1 |       ||     1
       Sacrifice Stealth |       |       |       |       |     1 ||     1
       Reject Sacrifices |       |       |       |       |     1 ||     1
 Abil: Breathe Noxious F |       |       |     3 |     9 |    14 ||    26
       End Transformatio |       |       |     1 |       |       ||     1
Evoke: Wand              |       |       |       |     3 |       ||     3
  Use: Scroll            |     2 |     1 |    19 |     7 |     1 ||    30
       Potion            |       |       |     2 |       |     1 ||     3
 Stab: Sleeping          |     1 |       |       |       |       ||     1
       Confused          |       |       |     5 |     3 |    10 ||    18
       Invisible         |       |       |       |     3 |     4 ||     7
       Distracted        |       |       |       |       |     2 ||     2
       Paralysed         |       |       |       |       |     1 ||     1
Armor: Skin              |    47 |     8 |    80 |    77 |   193 ||   405
Dodge: Dodged            |   110 |    91 |   283 |   216 |   446 ||  1146

Table legend: (Time is in decaauts)
 A = Elapsed time spent in this place.
 B = Non-inter-level travel time spent in this place.
 C = Inter-level travel time spent in this place.
 D = Time resting spent in this place.
 E = Time spent auto-exploring this place.
 F = Levels seen in this place.
 G = Mean time per level.
                   A        B        C        D        E       F      G
               +--------+--------+--------+--------+--------+-----+--------+
         Total |  38063 |  37022 |   1041 |   6929 |  25575 |  23 | 1654.9 |
       Dungeon |  17942 |  17320 |    622 |   1880 |  13139 |  13 | 1380.2 |
        Temple |     98 |     78 |     20 |      0 |     67 |   1 |   98.0 |
          Lair |  15120 |  14770 |    350 |   3617 |   9765 |   6 | 2520.0 |
  Orcish Mines |   4028 |   3981 |     47 |   1324 |   2086 |   2 | 2014.0 |
         Sewer |    872 |    872 |      0 |    108 |    517 |   1 |  872.0 |
               +--------+--------+--------+--------+--------+-----+--------+

Top non-repeatable levels by time:
  Lair:6: 3511 daAuts
  Lair:5: 3073 daAuts
     D:2: 2641 daAuts
   Orc:1: 2534 daAuts
  Lair:2: 2348 daAuts
  Lair:4: 2139 daAuts
  Lair:1: 2122 daAuts
  Lair:3: 1926 daAuts
    D:13: 1910 daAuts
   Orc:2: 1494 daAuts
     D:4: 1440 daAuts
     D:5: 1426 daAuts
     D:9: 1366 daAuts
     D:7: 1293 daAuts
     D:3: 1271 daAuts
